 Dungeon Crawl Stone Soup version 0.30-a0-1112-gfb780f5df6 (webtiles) character file.

Game seed: 14191234687028510272

40897 retardedninja the Thaumaturge (level 14, -2/108 HPs)
             Began as a Gnoll Fire Elementalist on Apr 19, 2023.
             Was the Champion of Cheibriados.
             Slain by a death yak (20 damage)
             ... on level 4 of the Lair of Beasts.
             The game lasted 00:44:26 (23972 turns).

retardedninja the Thaumaturge (GnFE)               Turns: 23972, Time: 00:44:26

Health: -2/108     AC: 11    Str: 23    XL:     14   Next: 13%
Magic:  15/28      EV: 31    Int: 36    God:    Cheibriados [******]
Gold:   1341       SH:  0    Dex: 36    Spells: 24/34 levels left

rFire   . . .      SeeInvis .    K - +11 whip of Harmony {heavy, +Blink rElec rPois}
rCold   + . .      Faith    .    (no shield)
rNeg    . . .      Spirit   .    a - +0 robe
rPois   +          Reflect  .    J - +2 helmet
rElec   +          Rampage  .    k - +0 cloak
rCorr   .          Rnd*Tele +    n - +0 pair of gloves
Will    +....                    H - +1 pair of boots "Xuridd" {rC+ Int+2 Dex+2}
Stlth   ++++++                   x - amulet of regeneration
HPRegen 1.18/turn                e - +6 ring of dexterity
MPRegen 0.21/turn                t - +5 ring of evasion

@: very slow
A: fangs 1, strong nose, distributed training, teleportitis 1
a: Renounce Religion, Evoke Blink, Bend Time, Temporal Distortion, Slouch, Step
From Time


You were on level 4 of the Lair of Beasts.
You worshipped Cheibriados.
Cheibriados was exalted by your worship.
You visited 3 branches of the dungeon, and saw 17 of its levels.
You also visited: Ossuary.

You collected 1341 gold pieces.

Inventory:

Hand Weapons
 K - the +11 whip of Harmony (weapon) {heavy, +Blink rElec rPois}
   (You found it on level 4 of the Dungeon)

   rElec:     It insulates you from electricity.
   rPois:     It protects you from poison.
   +Blink:    It lets you blink.
Armour
 a - a +0 robe (worn)
 k - a +0 cloak (worn)
 n - a +0 pair of gloves (worn)
 H - the +1 pair of boots "Xuridd" (worn) {rC+ Int+2 Dex+2}
   (You found it on level 8 of the Dungeon)

   Int:       It affects your intelligence (+2).
   Dex:       It affects your dexterity (+2).
   rC:        It protects you from cold.
 J - a +2 helmet (worn)
Jewellery
 e - a +6 ring of dexterity (left hand)
 t - a +5 ring of evasion (right hand)
 x - an amulet of regeneration (around neck)
 y - a ring of magical power
 D - an amulet of magic regeneration
Wands
 g - a wand of polymorph (6)
 h - a wand of paralysis (2)
 u - a wand of mindburst (10)
 C - a wand of roots (14)
Scrolls
 c - 7 scrolls of teleportation
 m - 6 scrolls of poison
 r - 3 scrolls of identify
 w - a scroll of amnesia
 A - 2 scrolls of fog
 F - a scroll of immolation
 G - a scroll of vulnerability
 I - a scroll of silence {unknown}
 L - 2 scrolls of magic mapping
 N - a scroll of brand weapon
Potions
 d - 4 potions of ambrosia
 f - 5 potions of flight
 j - 6 potions of lignification
 l - 6 potions of brilliance
 o - 12 potions of curing
 p - a potion of cancellation {unknown}
 q - a potion of might
 s - a potion of mutation
 v - 2 potions of attraction
 z - 2 potions of resistance
 B - 3 potions of berserk rage
Miscellaneous
 i - a phantom mirror (inert)


   Skills:
 + Level 9.3 Fighting
 + Level 9.3 Short Blades
 + Level 9.3 Long Blades
 + Level 9.3 Axes
 + Level 9.3 Maces & Flails
 + Level 9.3 Polearms
 + Level 9.3 Staves
 + Level 9.3 Ranged Weapons
 + Level 9.3 Throwing
 + Level 9.3 Armour
 + Level 10.4 Dodging
 + Level 10.2 Stealth
 + Level 9.3 Shields
 + Level 9.3 Unarmed Combat
 + Level 10.5 Spellcasting
 + Level 8.1 Conjurations
 + Level 7.7 Hexes
 + Level 7.7 Summonings
 + Level 7.7 Necromancy
 + Level 7.7 Translocations
 + Level 7.7 Transmutations
 + Level 9.5 Fire Magic
 + Level 7.7 Ice Magic
 + Level 7.7 Air Magic
 + Level 7.7 Earth Magic
 + Level 7.7 Poison Magic
 + Level 10.1 Invocations
 + Level 9.3 Evocations


You had 24 spell levels left.
You knew the following spells:

 Your Spells              Type           Power      Damage    Failure   Level
a - Foxfire               Conj/Fire      100%       2x1d9     1%          1
b - Scorch                Fire           100%       2d9       1%          2
c - Flame Wave            Conj/Fire      70%        2d16      1%          4
d - Inner Flame           Hex/Fire       69%        N/A       1%          3

Your spell library contained the following spells:

 Spells                   Type           Power      Damage    Failure   Level
 Freeze                   Ice            100%       1d10      1%          1
 Summon Small Mammal      Summ           100%       N/A       1%          1
 Blink                    Tloc           100%       N/A       1%          2
 Cigotuvi's Dreadful Rot  Necr/Pois/Air  100%       N/A       1%          2
 Lesser Beckoning         Tloc           100%       N/A       1%          2
 Momentum Strike          Conj/Tloc      100%       3d10      1%          2
 Call Canine Familiar     Summ           66%        N/A       1%          3
 Frozen Ramparts          Ice            100%       1d16      1%          3
 Hailstorm                Conj/Ice       66%        3d14      1%          3
 Ignite Poison            Fire/Tmut/Pois 68%        N/A       1%          3
 Ozocubu's Armour         Ice            66%        N/A       1%          3
 Summon Guardian Golem    Hex/Summ       66%        N/A       1%          3
 Vhi's Electric Charge    Tloc/Air       100%       N/A       1%          3
 Volatile Blastmotes      Fire/Tloc      100%       2d18      1%          3
 Cause Fear               Hex            33%        N/A       1%          4
 Sticky Flame             Conj/Fire      70%        2d8       1%          4
 Arcjolt                  Conj/Air       33%        1d43      2%          5
 Freezing Cloud           Conj/Ice/Air   33%        6-21      2%          5
 Metabolic Englaciation   Hex/Ice        33%        N/A       2%          5
 Plasma Beam              Fire/Air       34%        2x1d52    10%         6
 Simulacrum               Ice/Necr       33%        N/A       14%         6
 Dragon Form              Tmut           33%        N/A       61%         7
 Ozocubu's Refrigeration  Ice            33%        4d14      61%         7
 Dragon's Call            Summ           33%        N/A       100%        9
 Polar Vortex             Ice            33%        N/A       100%        9


Dungeon Overview and Level Annotations

Branches:
Dungeon (11/15)            Temple (1/1) D:5            Lair (5/5) D:11
  Swamp (0/4) Lair:2        Snake (0/4) Lair:2        Slime (0/5) Lair:5
    Orc (0/2) D:9         Ossuary (visited)

Altars:
Ashenzari
Cheibriados
Dithmenos
Elyvilon
Fedhas
Gozag
Hepliaklqana
Kikubaaqudgha
Makhleb
Nemelex Xobeh
Okawaru
Qazlal
Ru
Sif Muna
Trog
Uskayaw
Vehumet
Wu Jian
Xom
Yredelemnul
Zin
The Shining One
Jiyva

Shops:
D:5 (

Annotations:
Lair:4 3 runed translucent doors, PublicDefender's ghost, journeyman HOFi; Rapp's ghost, journeyman MeRe; lotum's ghost, journeyman DECj


Innate Abilities, Weirdness & Mutations

You have very sharp teeth.
Your uncanny sense of smell can sniff out nearby items.
Your experience applies equally to all skills.
You are occasionally teleported next to monsters.


Message History

(Press . to intensify the flame waves.)
The boulder beetle completely misses you.
The death yak completely misses you.
Unknown command.
Unknown command.
Casting: Flame Wave (mildly dangerous; 1% risk of failure)
Confirm with . or Enter, or press ? or * to list all spells.
Restarting spell: Flame Wave (mildly dangerous; 1% risk of failure)
Press: ? - help, Dir - look around, f - activate A wave of flame ripples out!
The flame wave engulfs the boulder beetle but does no damage.
The boulder beetle is severely wounded.
The flame wave engulfs the death yak.
The death yak is heavily wounded. (Press . to intensify the flame waves.)
The boulder beetle completely misses you.
The death yak misses you.
Unknown command.
Unknown command.
Casting: Flame Wave (mildly dangerous; 1% risk of failure)
Confirm with . or Enter, or press ? or * to list all spells.
You don't have enough magic to cast this spell.
Unknown command.
Magic courses through your body. The boulder beetle bites you!
* * * LOW HITPOINT WARNING * * *
The death yak barely misses you.
Casting: Flame Wave (mildly dangerous; 1% risk of failure)
Confirm with . or Enter, or press ? or * to list all spells.
Casting: Flame Wave (mildly dangerous; 1% risk of failure)
Press: ? - help, Dir - look around, f - activate A wave of flame ripples out!
The flame wave engulfs the boulder beetle but does no damage.
The boulder beetle is severely wounded.
The flame wave engulfs the death yak!
The death yak is severely wounded. (Press . to intensify the flame waves.)
The boulder beetle bites you!
* * * LOW HITPOINT WARNING * * *
The death yak gores you!!
You die...

.#.##........#....#....#P........
##.###.......###'##....###P..#...
##.#.#..####.#.....###..#........
...##....###.........^##.....#...
....#....#....#........##...#....
........#....#....#..#..##.......
#...#P.#...#.........#....##.#...
######.#..#...8B.Y8...#..####.<..
P.####..........@.....#..........
.......#..#...8...8......#.......
.......#..##.........##..........
.......#.....##...##....##.......
........##....###......#.........
..........##..........#..........
.........####.......#............
#.#......##..###+###....##.#####+
###.#..........#.[......#.###♣WWW


You could see a death yak and a boulder beetle.

Vanquished Creatures
  4 hydras
  A centaur warrior (D:11)
  2 boulder beetles
  5 two-headed ogres
  A soul eater (D:11)
  A skyshark (Lair:2)
  2 sixfirhies (D:11)
  A necromancer (D:11)
  6 elephants (Lair:3)
  5 black mambas
  4 centaur zombies (D:10)
  Joseph (D:7)
  6 cane toads
  A torpor snail (Lair:4)
  Psyche (D:8)
  2 rime drakes
  Maggie (D:8)
  An unseen horror zombie (D:10)
  An unseen horror (D:9)
  5 komodo dragons
  5 trolls
  2 polar bears (Lair:4)
  Grinder (D:5)
  A meliai zombie (D:10)
  13 blink frogs
  6 dream sheep (Lair:3)
  2 shadows
  A wraith (D:9)
  2 vampires (D:9)
  3 wyverns
  28 yaks
  3 basilisks
  A neqoxec (D:11)
  3 vampire mosquitoes (D:11)
  5 nagas (Lair:2)
  2 swamp worms (Lair:2)
  11 water moccasins
  Duvessa (D:4)
  2 black bears
  6 orc warriors
  2 ice beasts
  A sky beast (D:7)
  4 ogres
  22 wolves
  3 phantoms
  8 centaurs
  5 kobold brigands (D:9)
  10 bullfrogs
  5 gnoll sergeants
  A scorpion (D:5)
  5 wights (D:7)
  Dowan (D:4)
  3 killer bees (D:9)
  4 howler monkeys
  An electric eel (Lair:4)
  A quasit (D:11)
  3 hounds
  Crazy Yiuf (D:5)
  5 orc priests
  2 jellies
  A sleepcap (D:6)
  3 iguanas
  Ijyb (D:3)
  4 orc wizards
  Natasha (twice) (D:3)
  3 polar bear simulacra (D:11)
  6 hell rats (Lair:3)
  2 yak simulacra (D:11)
  5 wolf simulacra (D:11)
  8 mummies (Ossuary)
  Robin (D:4)
  6 adders
  9 gnolls
  A shadow imp (D:6)
  2 white imps (D:6)
  An ufetubus (D:3)
  3 worms
  5 dart slugs
  45 orcs
  2 bats (D:1)
  4 endoplasms
  5 giant cockroaches
  20 goblins
  8 hobgoblins
  3 jackals
  5 quokkas
  4 ball pythons
  4 frilled lizards
  3 hobgoblin zombies (Ossuary)
  10 kobolds
  3 kobold zombies (Ossuary)
  2 orc zombies (Ossuary)
  4 rats
  A river rat simulacrum (D:11)
422 creatures vanquished.

Vanquished Creatures (collateral kills)
  A hydra (Lair:4)
  31 foxfires
32 creatures vanquished.

Vanquished Creatures (others)
  An orc warrior (D:9)
  A centaur (D:11)
  A bush (Lair:1)
  A demonic plant (D:11)
  1742 foxfires
  15 fungi
  52 plants
  2 withered plants (D:10)
1815 creatures vanquished.

Grand Total: 2269 creatures vanquished

Notes
Turn   | Place    | Note
-------+----------+-------------------------------------------
     0 | D:1      | retardedninja the Gnoll Fire Elementalist began the quest
                  | for the Orb.
     0 | D:1      | Reached XP level 1. HP: 13/13 MP: 6/6
   386 | D:1      | Found a faded altar of an unknown god.
   412 | D:1      | Reached XP level 2. HP: 19/19 MP: 4/7
   910 | D:1      | Reached skill level 5 in Spellcasting
   910 | D:1      | Reached XP level 3. HP: 23/25 MP: 5/9
  1562 | D:1      | Reached skill level 1 in Invocations
  1728 | D:2      | Learned a level 2 spell: Scorch
  2279 | D:2      | Reached skill level 1 in Fighting
  2279 | D:2      | Reached skill level 1 in Short Blades
  2279 | D:2      | Reached skill level 1 in Long Blades
  2279 | D:2      | Reached skill level 1 in Axes
  2279 | D:2      | Reached skill level 1 in Maces & Flails
  2279 | D:2      | Reached skill level 1 in Polearms
  2279 | D:2      | Reached skill level 1 in Staves
  2279 | D:2      | Reached skill level 1 in Ranged Weapons
  2279 | D:2      | Reached skill level 1 in Throwing
  2279 | D:2      | Reached skill level 1 in Armour
  2279 | D:2      | Reached skill level 1 in Shields
  2279 | D:2      | Reached skill level 1 in Unarmed Combat
  2279 | D:2      | Reached skill level 1 in Evocations
  2403 | D:2      | Found a glowing silver altar of Zin.
  2481 | D:2      | Reached XP level 4. HP: 32/32 MP: 8/11
  3010 | D:3      | Noticed Ijyb
  3020 | D:3      | Killed Ijyb
  3021 | D:3      | Reached skill level 1 in Hexes
  3021 | D:3      | Reached skill level 1 in Summonings
  3021 | D:3      | Reached skill level 1 in Necromancy
  3021 | D:3      | Reached skill level 1 in Translocations
  3021 | D:3      | Reached skill level 1 in Transmutations
  3021 | D:3      | Reached skill level 1 in Ice Magic
  3021 | D:3      | Reached skill level 1 in Air Magic
  3021 | D:3      | Reached skill level 1 in Earth Magic
  3021 | D:3      | Reached skill level 1 in Poison Magic
  3285 | D:3      | Noticed Natasha
  3292 | D:3      | Killed Natasha
  3293 | D:3      | Reached XP level 5. HP: 37/37 MP: 6/12
  3663 | D:3      | Noticed Natasha
  3672 | D:3      | Killed Natasha
  4411 | D:4      | Noticed a black bear
  4414 | D:4      | Noticed Duvessa
  4421 | D:4      | Killed a black bear
  4422 | D:4      | Reached skill level 5 in Dodging
  4422 | D:4      | Reached XP level 6. HP: 43/44 MP: 10/14
  4422 | D:4      | Noticed Dowan
  4429 | D:4      | Killed Duvessa
  4430 | D:4      | Reached XP level 7. HP: 26/50 MP: 11/15
  4438 | D:4      | Killed Dowan
  4462 | D:4      | Found a sand-covered staircase.
  4469 | Ossuary  | Entered an ossuary
  5054 | D:4      | Identified the +11 whip of Harmony {heavy, +Blink rElec
                  | rPois}
  5100 | D:4      | Noticed Robin
  5124 | D:4      | Killed Robin
  5125 | D:4      | Reached skill level 5 in Stealth
  5703 | D:5      | Entered Level 5 of the Dungeon
  5835 | D:5      | Found Qonuerr's Antique Weapon Shoppe.
  5847 | D:5      | Found a staircase to the Ecumenical Temple.
  5947 | Temple   | Entered the Ecumenical Temple
  5947 | Temple   | Found a transporter.
  5947 | Temple   | Found a transporter.
  5983 | Temple   | Found a transporter.
  5983 | Temple   | Found a transporter.
  6009 | Temple   | Became a worshipper of Cheibriados the Contemplative
  6189 | D:5      | Reached XP level 8. HP: 51/58 MP: 6/16
  6209 | D:5      | Noticed Grinder
  6236 | D:5      | Reached * piety under Cheibriados
  6240 | D:5      | Paralysed by Grinder for 4 turns
  6248 | D:5      | Paralysed by Grinder for 2 turns
  6254 | D:5      | Killed Grinder
  6441 | D:5      | Found a runed translucent door.
  6444 | D:5      | Noticed Crazy Yiuf
  6975 | D:5      | Killed Crazy Yiuf
  7050 | D:6      | Reached XP level 9. HP: 53/65 MP: 1/18
  7963 | D:6      | Found a shimmering blue altar of Sif Muna.
  8014 | D:6      | Found an ornate altar of the Wu Jian Council.
  8238 | D:7      | Reached ** piety under Cheibriados
  8304 | D:7      | Learned a level 4 spell: Flame Wave
  8579 | D:7      | Learned a level 3 spell: Inner Flame
  8644 | D:7      | Noticed Joseph
  8656 | D:7      | Killed Joseph
  8657 | D:7      | Reached skill level 5 in Invocations
  9010 | D:7      | Reached skill level 5 in Fighting
  9010 | D:7      | Reached skill level 5 in Short Blades
  9010 | D:7      | Reached skill level 5 in Long Blades
  9010 | D:7      | Reached skill level 5 in Axes
  9010 | D:7      | Reached skill level 5 in Maces & Flails
  9010 | D:7      | Reached skill level 5 in Polearms
  9010 | D:7      | Reached skill level 5 in Staves
  9010 | D:7      | Reached skill level 5 in Ranged Weapons
  9010 | D:7      | Reached skill level 5 in Throwing
  9010 | D:7      | Reached skill level 5 in Armour
  9010 | D:7      | Reached skill level 5 in Shields
  9010 | D:7      | Reached skill level 5 in Unarmed Combat
  9010 | D:7      | Reached skill level 5 in Evocations
  9010 | D:7      | Reached XP level 10. HP: 74/74 MP: 15/20
  9773 | D:8      | Noticed Psyche
  9801 | D:8      | Killed Psyche
  9977 | D:8      | Noticed a +0 dagger
  9977 | D:8      | Noticed a +0 dagger
  9978 | D:8      | Found a hide-covered altar of Uskayaw.
 10239 | D:8      | Noticed Maggie
 10253 | D:8      | Killed Maggie
 10254 | D:8      | Reached skill level 5 in Conjurations
 10264 | D:8      | Reached *** piety under Cheibriados
 10403 | D:8      | Identified the +1 pair of boots "Xuridd" {rC+ Int+2 Dex+2}
 11286 | D:9      | Noticed a two-headed ogre
 11296 | D:9      | Killed a two-headed ogre
 11512 | D:9      | Found a staircase to the Orcish Mines.
 11564 | D:9      | Reached **** piety under Cheibriados
 11574 | D:9      | Reached skill level 5 in Hexes
 11574 | D:9      | Reached skill level 5 in Summonings
 11574 | D:9      | Reached skill level 5 in Necromancy
 11574 | D:9      | Reached skill level 5 in Translocations
 11574 | D:9      | Reached skill level 5 in Transmutations
 11574 | D:9      | Reached skill level 5 in Ice Magic
 11574 | D:9      | Reached skill level 5 in Air Magic
 11574 | D:9      | Reached skill level 5 in Earth Magic
 11574 | D:9      | Reached skill level 5 in Poison Magic
 11574 | D:9      | Reached XP level 11. HP: 24/81 MP: 5/22
 11913 | D:10     | Entered Level 10 of the Dungeon
 11918 | D:10     | Noticed a two-headed ogre
 11924 | D:10     | Noticed a two-headed ogre
 12183 | D:9      | Killed a two-headed ogre
 12534 | D:9      | Killed a two-headed ogre
 14008 | D:10     | Reached ***** piety under Cheibriados
 14943 | D:11     | Noticed a centaur warrior
 14950 | D:11     | Killed a centaur warrior
 15252 | D:11     | Noticed a two-headed ogre
 15262 | D:11     | Killed a two-headed ogre
 15263 | D:11     | Reached XP level 12. HP: 64/91 MP: 14/24
 15322 | D:11     | Noticed a boulder beetle
 15638 | D:11     | Found a staircase to the Lair.
 16314 | D:11     | Gained mutation: You are occasionally teleported next to
                  | monsters. [a neqoxec]
 16324 | D:11     | Killed a boulder beetle
 16357 | D:11     | Noticed a two-headed ogre
 16367 | D:11     | Killed a two-headed ogre
 16562 | D:11     | Noticed a soul eater
 16575 | D:11     | Killed a soul eater
 17050 | Lair:1   | Entered Level 1 of the Lair of Beasts
 17861 | Lair:1   | Noticed a boulder beetle
 17896 | Lair:1   | Killed a boulder beetle
 18564 | Lair:2   | Reached ****** piety under Cheibriados
 18570 | Lair:2   | Reached XP level 13. HP: 98/98 MP: 16/26
 18921 | Lair:2   | Found a staircase to the Snake Pit.
 20232 | Lair:2   | Found a staircase to the Swamp.
 20408 | Lair:3   | Reached skill level 10 in Spellcasting
 21622 | Lair:3   | Reached skill level 10 in Dodging
 22236 | Lair:3   | Identified the +12 quarterstaff of the Absolute Madman
                  | {heavy, rPois Will+ Str+4 Dex+2}
 22491 | Lair:4   | Reached skill level 10 in Stealth
 22794 | Lair:4   | Reached skill level 10 in Invocations
 22794 | Lair:4   | Reached XP level 14. HP: 50/108 MP: 10/28
 23198 | Lair:4   | Identified the +0 ring mail of the Abyss {rF+ Dex+5}
 23724 | Lair:4   | Found a runed translucent gate.
 23724 | Lair:4   | Found a runed translucent gate.
 23724 | Lair:4   | Found a runed translucent gate.
 23725 | Lair:4   | Noticed lotum's ghost (journeyman DECj)
 23726 | Lair:4   | Noticed PublicDefender's ghost (journeyman HOFi)
 23726 | Lair:4   | Noticed Rapp's ghost (journeyman MeRe)
 23926 | Lair:5   | Entered Level 5 of the Lair of Beasts
 23946 | Lair:5   | Found a staircase to the Slime Pits.
 23946 | Lair:5   | Found a viscous altar of Jiyva.
 23972 | Lair:4   | Slain by a death yak

Illustrated notes

Levels and vault maps discovered:
D:1:      dpeg_arrival_arbitrary_b, layout_basic,
          shapermc_ecumenical_altar_mp_urbaneastern, minmay_statues_item
D:2:      layout_loops_corners, basic_altar, lightli_corner_chamber
D:3:      layout_loops_cross, kennysheep_path_1,
          minmay_randomly_rotated_circles, uniq_ijyb, uniq_natasha
D:4:      layout_rooms, enter_ossuary_2, hex_tiny, uniq_duvessa, uniq_robin
D:5:      minmay_recursive_quarters, layout_loops_cross,
          minmay_temple_entry_grid, serial_shops, kennysheep_mini,
          minmay_misc_feat_five, uniq_crazy_yiuf_cottage, uniq_grinder
D:6:      layout_basic, chequers_temple_overflow_statue_of_worship
D:7:      layout_gridville, uniq_joseph
D:8:      layout_loops_cross, dancing_weapons_uskayaw, serial_rivers,
          chequers_serial_rivers_marsh, chequers_serial_rivers_micro_d,
          chequers_serial_rivers_room_a, chequers_serial_rivers_micro_a,
          chequers_serial_rivers_micro_c, nrook_loot_triangle, st_stairs_13,
          hangedman_decor_opposing, uniq_psyche, uniq_maggie
D:9:      layout_basic, kennysheep_orc_monster_closet_entryway
D:10:     layout_loops_cross, serial_undead, serial_undead_a, serial_undead_c,
          serial_undead_b, serial_undead_f
D:11:     layout_stronghold, david_lair_shrubbed, serial_demonic,
          serial_demonic_f, serial_demonic_a, serial_demonic_a,
          serial_demonic_g, serial_demonic_e, eino_house_with_fridge
Temple:   hellmonk_temple_divided_pantheon
Lair:1:   layout_regular_city, grunt_megastairs_5
Lair:2:   layout_layer_cave, palyth_hydra_swamp_entry,
          minmay_snake_entry_guardpost_medium
Lair:3:   layout_gridlike, chequers_serial_rivers_micro_a
Lair:4:   layout_regular_city, gammafunk_ghost_cemetery,
          chequers_serial_rivers_micro_a, grunt_megastairs_2,
          serial_bayou_shore_a
Lair:5:   gammafunk_lair_ancient_temple, layout_gridlike, slime_entry_1,
          dreamdust_wasp_nest, serial_bayou_shore_b, lemuel_fruit_tree,
          uniq_snorg

Skill      XL: |  1  2  3  4  5  6  7  8  9 10 11 12 13 14 |
---------------+-------------------------------------------+-----
Conjurations   | 2 3 4 5 6 7 8 |  8.1
Spellcasting   | 5 6 7 8 9 10 | 10.5
Invocations    | 1 2 3 4 5 6 7 8 10 | 10.1
Fighting       | 1 2 3 5 6 7 8 9 |  9.3
Short Blades   | 1 2 3 5 6 7 8 9 |  9.3
Long Blades    | 1 2 3 5 6 7 8 9 |  9.3
Axes           | 1 2 3 5 6 7 8 9 |  9.3
Maces & Flails | 1 2 3 5 6 7 8 9 |  9.3
Polearms       | 1 2 3 5 6 7 8 9 |  9.3
Staves         | 1 2 3 5 6 7 8 9 |  9.3
Ranged Weapons | 1 2 3 5 6 7 8 9 |  9.3
Throwing       | 1 2 3 5 6 7 8 9 |  9.3
Armour         | 1 2 3 5 6 7 8 9 |  9.3
Shields        | 1 2 3 5 6 7 8 9 |  9.3
Unarmed Combat | 1 2 3 5 6 7 8 9 |  9.3
Evocations     | 1 2 3 5 6 7 8 9 |  9.3
Hexes          | 1 2 3 4 5 6 7 |  7.7
Summonings     | 1 2 3 4 5 6 7 |  7.7
Necromancy     | 1 2 3 4 5 6 7 |  7.7
Translocations | 1 2 3 4 5 6 7 |  7.7
Transmutations | 1 2 3 4 5 6 7 |  7.7
Ice Magic      | 1 2 3 4 5 6 7 |  7.7
Air Magic      | 1 2 3 4 5 6 7 |  7.7
Earth Magic    | 1 2 3 4 5 6 7 |  7.7
Poison Magic   | 1 2 3 4 5 6 7 |  7.7
Dodging        | 5 6 7 8 9 10 | 10.4
Stealth        | 5 6 7 8 9 10 | 10.2
Fire Magic     | 6 7 8 9 |  9.5

Action                     |  1- 3 |  4- 6 |  7- 9 | 10-12 | 13-15 || total
---------------------------+-------+-------+-------+-------+-------++-------
  Melee: Trident           |       |     6 |    17 |       |       ||    23
         Bite              |       |     2 |     8 |    18 |    14 ||    42
         Punch             |       |     1 |       |     7 |     6 ||    14
         Whip              |       |       |    45 |   117 |    72 ||   234
         Unarmed           |       |       |       |    14 |       ||    14
   Cast: Foxfire           |   104 |    80 |   254 |   334 |   231 ||  1003
         Scorch            |       |    10 |    46 |   100 |    58 ||   214
         Flame Wave        |       |       |     5 |    43 |    48 ||    96
         Inner Flame       |       |       |       |     1 |       ||     1
  Evoke: Wand              |       |    10 |     1 |    20 |     8 ||    39
         Phantom mirror    |       |       |       |       |     2 ||     2
    Use: Scroll            |       |     3 |    13 |    13 |     4 ||    33
         Potion            |       |       |     5 |     6 |     3 ||    14
   Stab: Paralysed         |       |       |     5 |       |       ||     5
         Invisible         |       |       |       |     1 |       ||     1
         Sleeping          |       |       |       |     1 |       ||     1
 Armour: Robe              |       |    12 |    68 |   177 |   114 ||   371
  Dodge: Dodged            |     7 |    40 |   244 |   955 |   914 ||  2160

Table legend: (Time is in decaauts)
 A = Elapsed time spent in this place.
 B = Non-inter-level travel time spent in this place.
 C = Inter-level travel time spent in this place.
 D = Time resting spent in this place.
 E = Time spent auto-exploring this place.
 F = Levels seen in this place.
 G = Mean time per level.
                   A        B        C        D        E       F      G
               +--------+--------+--------+--------+--------+-----+--------+
         Total |  29664 |  28737 |    927 |   4636 |  19839 |  18 | 1648.0 |
       Dungeon |  19136 |  18385 |    751 |   3604 |  12168 |  11 | 1739.6 |
        Temple |     89 |     84 |      5 |      0 |     39 |   1 |   89.0 |
          Lair |   9880 |   9709 |    171 |   1032 |   7228 |   5 | 1976.0 |
       Ossuary |    557 |    557 |      0 |      0 |    403 |   1 |  557.0 |
               +--------+--------+--------+--------+--------+-----+--------+

Top non-repeatable levels by time:
     D:9: 3451 daAuts
  Lair:2: 3393 daAuts
    D:11: 3090 daAuts
  Lair:3: 2454 daAuts
  Lair:4: 2207 daAuts
  Lair:1: 1751 daAuts
     D:1: 1681 daAuts
     D:8: 1643 daAuts
     D:7: 1609 daAuts
     D:5: 1477 daAuts
     D:3: 1396 daAuts
    D:10: 1390 daAuts
     D:6: 1327 daAuts
     D:2: 1288 daAuts
     D:4: 780 daAuts
